 Dungeon Crawl Stone Soup version 0.21.1-1-g345015f (webtiles) character file.

48 suicidejoker the Sneak (level 3, 0/24 HPs)
             Began as an Octopode Assassin on Apr 16, 2018.
             Slain by a gnoll
             ... wielding a +0 halberd
              (2 damage)
             ... on level 2 of the Dungeon.
             The game lasted 00:01:42 (1034 turns).

suicidejoker the Sneak (Octopode Assassin)          Turns: 1034, Time: 00:01:43

Health: 0/24       AC:  1    Str: 11    XL:     3   Next: 72%
Magic:  4/5        EV: 13    Int: 13    God:
Gold:   67         SH:  0    Dex: 13    Spells: 4/4 levels left

rFire    . . .     SeeInvis .   e - +1 spear (vamp)
rCold    . . .     Gourm    .   (no shield)
rNeg     . . .     Faith    .   (helmet restricted)
rPois    .         Spirit   .   (no amulet)
rElec    .         Reflect  .   (no ring)
rCorr    .         Harm     .   (no ring)
MR       .....                  (no ring)
Stlth    ++++......             (no ring)
HPRegen  0.08/turn              (no ring)
MPRegen  0.09/turn              (no ring)
                                (no ring)
                                (no ring)

@: berserk cooldown, slowed, very slow
A: almost no armour, stealthy swim, amphibious, 8 rings, constrict 8, camouflage
1, gelatinous body 1
a: no special abilities


You were on level 2 of the Dungeon.
You were not hungry.

You visited 1 branch of the dungeon, and saw 2 of its levels.

You collected 67 gold pieces.

Inventory:

Hand Weapons
 a - a +2 dagger
 b - a +0 blowgun
 e - a +1 vampiric spear (weapon)
Missiles
 c - 8 poisoned needles
 d - 2 curare-tipped needles
 f - 36 stones (quivered)
 h - 33 bolts
Scrolls
 j - a scroll of enchant weapon {unknown}
 k - a scroll of fear {unknown}
 l - 3 scrolls of remove curse {unknown}
 m - 2 scrolls of identify {unknown}
 n - a scroll of enchant armour {unknown}
Potions
 o - a potion of lignification {unknown}
Comestibles
 i - 4 rations


   Skills:
 + Level 2.2 Fighting
 - Level 2.0 Short Blades
 + Level 0.8 Polearms
 + Level 2.4 Throwing
 + Level 1.4 Dodging
 + Level 5.6 Stealth
 * Level 1.4 Spellcasting


You had 4 spell levels left.
You didn't know any spells.

Dungeon Overview and Level Annotations

Branches:
Dungeon (2/15)

Altars:


Innate Abilities, Weirdness & Mutations

You cannot wear most types of armour.
You are very stealthy in the water. (Stealth+)
You are amphibious.
You can wear up to eight rings at the same time.
You can use your tentacles to constrict eight enemies at once.
Your skin changes colour to match your surroundings (Stealth+).
Your rubbery body absorbs attacks. (AC +1, EV +1)


Message History

You puncture the gnoll! You grab the gnoll.
The gnoll is heavily wounded.
You constrict the gnoll, but do no damage.
The gnoll hits you from afar with a spear.
* * * LOW HITPOINT WARNING * * *
You hit the gnoll.
You feel better.
The gnoll is almost dead.
You constrict the gnoll.
You kill the gnoll!
The gnoll closely misses you.
You swing at nothing.
The gnoll hits you from afar with a spear.
* * * LOW HITPOINT WARNING * * *
You feel a strong urge to attack something.
You swing at nothing.
You are no longer berserk.
You are exhausted.
You feel yourself slow down.
The gnoll hits you from afar with a halberd.
You die...

###.........##
###...#..>....#
#...####.....## #.###
##...## ##.# ####...#
#..# ##.....## .
#.####..###.# ...
#.##...## #.######>....
###.##.### ##.#.@)gg.....
.......#####....###K.....
###.##.#......### ...%.
###.##.......## ####
#...##.#..####
...##..#.## ...#...#.#
...#.....####.
.....#........


You could see 2 gnolls and a kobold.

Vanquished Creatures
  2 gnolls (D:2)
  A worm (D:2)
  2 dart slugs (D:2)
  2 giant cockroaches (D:2)
  3 goblins
  2 hobgoblins
  4 kobolds
  A quokka (D:2)
  A ball python (D:1)
  A bat (D:1)
  3 rats
22 creatures vanquished.

Notes
Turn   | Place    | Note
-------+----------+-------------------------------------------
     0 | D:1      | suicidejoker the Octopode Assassin began the quest for the Orb.
     0 | D:1      | Reached XP level 1. HP: 14/14 MP: 1/1
   184 | D:1      | Reached XP level 2. HP: 12/19 MP: 2/2
   758 | D:2      | Reached skill level 1 in Spellcasting
   801 | D:2      | Reached XP level 3. HP: 13/24 MP: 4/4
  1027 | D:2      | HP: 1/36 [gnoll/whip (8)]
  1034 | D:2      | Slain by a gnoll

Skill      XL: |  1  2 |
---------------+-------+-----
Spellcasting   | 1 |  1.4
Fighting       | |  2.2
Short Blades   | |  2.0
Polearms       | |  0.8
Throwing       | |  2.4
Dodging        | |  1.4
Stealth        | |  5.6

Action                   || total
-------------------------++-------
Melee: Spear             ||    50
       Constrict         ||    14
       Tentacles         ||     6
  Use: Potion            ||     1
 Stab: Sleeping          ||     5
  Eat: Ration            ||     1
       Chunk             ||     1
Armor: Skin              ||     2
Dodge: Dodged            ||    23
